 Dungeon Crawl Stone Soup version 0.28.0-47-ge53b351184 (webtiles) character file.

Game seed: 2222220619602293345

119 101zpm the Chiller (level 4, -8/32 HPs)
             Began as a Vampire Ice Elementalist on Apr 29, 2022.
             Mangled by a gnoll
             ... wielding a +0 halberd
              (16 damage)
             ... on level 4 of the Dungeon.
             The game lasted 00:07:12 (3171 turns).

101zpm the Chiller (Vampire Ice Elementalist)       Turns: 3171, Time: 00:07:12

Health: -8/32      AC:  2    Str:  7    XL:     4   Next: 74%
Magic:  6/9        EV: 12    Int: 19    God:
Gold:   126        SH:  0    Dex: 14    Spells: 8/9 levels left

rFire   . . .      SeeInvis +   m - +0 dagger (venom)
rCold   . . .      Faith    .   (no shield)
rNeg    . . .      Spirit   .   a - +0 robe
rPois   .          Reflect  .   (no helmet)
rElec   .          Harm     .   (no cloak)
rCorr   .          Rampage  .   (no gloves)
Will    .....                   (no boots)
Stlth   ++........              (no amulet)
HPRegen 0.30/turn               (no ring)
MPRegen 0.11/turn               (no ring)

@: healing quickly
A: alive, fangs 3, see invisible, vampiric 2
a: Exsanguinate


You were on level 4 of the Dungeon.
You visited 1 branch of the dungeon, and saw 4 of its levels.

You collected 126 gold pieces.

Inventory:

Hand Weapons
 j - a +0 whip of venom
 m - a +0 dagger of venom (weapon)
Armour
 a - a +0 robe (worn)
Scrolls
 d - a scroll of blinking {unknown}
 e - 3 scrolls of teleportation {unknown}
 f - 2 scrolls of identify {unknown}
 g - 3 scrolls of enchant armour {unknown}
 i - a scroll of magic mapping {unknown}
 k - a scroll of noise {unknown}
Potions
 b - 2 potions of degeneration {unknown}
 c - a potion of brilliance
 h - a potion of attraction {unknown}
 l - a potion of invisibility {unknown}


   Skills:
 + Level 1.0 Fighting
 + Level 2.3 Dodging
 + Level 3.2 Stealth
 + Level 0.1 Unarmed Combat
 + Level 3.3 Spellcasting
 + Level 5.0 Ice Magic


You had 8 spell levels left.
You knew the following spells:

 Your Spells              Type           Power      Damage    Failure   Level
a - Freeze                Ice            88%        1d10      1%          1

Your spell library contained the following spells:

 Spells                   Type           Power      Damage    Failure   Level
 Frozen Ramparts          Ice            44%        1d6       5%          3
 Ozocubu's Armour         Ice            22%        N/A       5%          3
 Static Discharge         Conj/Air       3%         N/A       22%         2
 Hailstorm                Conj/Ice       12%        3d5       45%         4
 Lightning Bolt           Conj/Air       1%         1d12      99%         5
 Maxwell's Capacitive Co  Air            1%         ∞         100%        8


Dungeon Overview and Level Annotations

Branches:
Dungeon (4/15)
 Temple: D:4-7

Altars:
Gozag

Annotations:
D:4 3 runed translucent doors, 101zpm's ghost, amateur DjIE


Innate Abilities, Weirdness & Mutations

Your natural rate of healing is accelerated.
You have razor-sharp teeth.
You have supernaturally acute eyesight. (SInv)
You are afflicted with vampirism and can become a bat while bloodless.


Message History

Your +0 whip of venom stops dripping with poison.
Your +0 dagger of venom begins to drip with poison!
m - a +0 dagger of venom (weapon)
You now have 126 gold pieces (gained 5).
Found an escape hatch in the floor.
Found 8 bolts.
Found a stone staircase leading up.
You see here 8 bolts.
The kobold shouts!
The kobold brigand shouts!
You hear a shout!
The kobold shouts!
The kobold shouts! x3 101zpm's ghost turns its malevolent gaze towards you.
The kobold shouts!
Found a whip.
Found 34 bolts.
You see here 34 bolts. 2 gnolls come into view.
The gnoll shouts!
The gnoll barely misses you.
A gnoll comes into view. It is wielding a +0 whip.
You can't see any susceptible monsters within range! (Use Z to cast anyway.)
The gnoll hits you with a +0 halberd!
You freeze the gnoll.
The gnoll is moderately wounded.
The gnoll shouts!
The gnoll closely misses you.
You freeze the gnoll!
The gnoll is severely wounded.
The gnoll barely misses you.
You freeze the gnoll.
The gnoll is almost dead.
The gnoll hits you with a +0 halberd.
You are too injured to fight recklessly!
You are too injured to fight recklessly!
The gnoll hits you with a +0 whip!
* * * LOW HITPOINT WARNING * * *
The gnoll barely misses you.
The gnoll hits you from afar with a +0 halberd!
Ouch! That really hurt!
You die...

+##.#.# KK###.#
K#K##.# #.⌠##.##
.#.#...## .
##....## )
#......#########
###.##.....(...#
#.##########@#
#.# ####g### #+#
#...gg.#
#.##.#.# # #.#.#
..# # ... ....
....


You could see 3 gnolls.

Vanquished Creatures
  A hound (D:4)
  Natasha (D:2)
  A worm (D:2)
  2 dart slugs (D:1)
  An orc (D:3)
  4 ball pythons
  5 bats
  5 endoplasms
  2 giant cockroaches
  8 goblins
  4 hobgoblins
  3 kobolds (D:1)
  7 quokkas
  2 frilled lizards
  5 rats
51 creatures vanquished.

Notes
Turn   | Place    | Note
-------+----------+-------------------------------------------
     0 | D:1      | 101zpm the Vampire Ice Elementalist began the quest for the
                  | Orb.
     0 | D:1      | Reached XP level 1. HP: 13/13 MP: 3/3
   104 | D:1      | Reached XP level 2. HP: 18/19 MP: 1/5
   692 | D:1      | Gained mutation: You are afflicted with vampirism and can
                  | become a bat while bloodless. [Vampire growth]
   692 | D:1      | Reached XP level 3. HP: 22/24 MP: 1/6
  1022 | D:1      | Found a faded altar of an unknown god.
  1678 | D:2      | Noticed Natasha
  1684 | D:2      | Killed Natasha
  1685 | D:2      | Reached XP level 4. HP: 31/31 MP: 4/8
  1720 | D:2      | Found an opulent altar of Gozag.
  2946 | D:4      | Reached skill level 1 in Fighting
  2946 | D:4      | Reached skill level 5 in Ice Magic
  3108 | D:4      | Found a runed translucent gate.
  3108 | D:4      | Found a runed translucent gate.
  3110 | D:4      | Found a runed translucent gate.
  3110 | D:4      | Noticed a kobold brigand
  3111 | D:4      | Noticed 101zpm's ghost (amateur DjIE)
  3171 | D:4      | Mangled by a gnoll

Illustrated notes

Levels and vault maps discovered:
D:1:      sevenhm_arrival_forest_fort_small_4, layout_rooms,
          shapermc_ecumenical_altar_flowoftime
D:2:      layout_basic, basic_altar, uniq_natasha
D:3:      layout_loops_corners
D:4:      layout_loops_corners, minmay_temple_entry_drinking_statues,
          gammafunk_ghost_nasty_kobolds, uniq_robin

Skill      XL: |  1  2  3  4 |
---------------+-------------+-----
Spellcasting   | 3 |  3.3
Fighting       | 1 |  1.0
Ice Magic      | 5 |  5.0
Dodging        | |  2.3
Stealth        | |  3.2
Unarmed Combat | |  0.1

Action                   |  1- 3 |  4- 6 || total
-------------------------+-------+-------++-------
Melee: Unarmed           |    17 |     1 ||    18
       Bite              |     3 |     1 ||     4
       Whip              |       |     7 ||     7
 Cast: Freeze            |    66 |    24 ||    90
Armor: Robe              |    14 |     3 ||    17
Dodge: Dodged            |    37 |    20 ||    57
